 Dungeon Crawl Stone Soup version 0.19.1 (console) character file.

751 Jesseh the Slasher (level 8, -2/54 HPs)
             Began as a Halfling Fighter on Nov 29, 2016.
             Slain by a sky beast (6 damage)
             ... on level 6 of the Dungeon.
             The game lasted 00:14:14 (4636 turns).

Jesseh the Slasher (Halfling Fighter)               Turns: 4636, Time: 00:14:14

Health: -2/54      AC:  9    Str: 19    XL:     8   Next: 6%
Magic:  8/8        EV:  9    Int:  6    God:
Gold:   233        SH: 10    Dex: 14    Spells: 0 memorised, 7 levels left

rFire  . . .     SeeInvis .     a - +0 long sword
rCold  . . .     Gourm    .     b - +0 scale mail
rNeg   . . .     Faith    .     c - +0 shield
rPois  .         Spirit   .     (no helmet)
rElec  .         Reflect  .     A - +0 cloak
rCorr  +         Harm     .     j - +0 pair of gloves
MR     .....                    (no boots)
Stlth  ..........               w - amulet of regeneration
                                E - ring of resist corrosion
                                y - ring of flight

@: no status effects
A: mutation resistance 1
a: Evoke Flight


You were on level 6 of the Dungeon.
You were hungry.

You visited 1 branch of the dungeon, and saw 6 of its levels.
You also visited: Ossuary.

You collected 233 gold pieces.

Inventory:

Hand Weapons
 a - a +0 long sword (weapon)
 p - a cursed -1 morningstar
   (You found it on level 2 of the Dungeon)
 v - a +2 mace of holy wrath
   (You took it off an orc on level 3 of the Dungeon)
 z - a +4 quarterstaff of chaos
   (You took it off Crazy Yiuf on level 3 of the Dungeon)
Armour
 b - a +0 scale mail (worn)
 c - a +0 shield (worn)
 j - a +0 pair of gloves (worn)
   (You found it on level 1 of the Dungeon)
 A - a +0 cloak (worn)
   (You took it off Crazy Yiuf on level 3 of the Dungeon)
Jewellery
 l - an uncursed amulet of faith
   (You found it on level 1 of the Dungeon)
 w - an amulet of regeneration (around neck)
   (You found it on level 3 of the Dungeon)
 y - a ring of flight (left hand)
   (You found it on level 3 of the Dungeon)
 E - a ring of resist corrosion (right hand)
   (You found it on level 4 of the Dungeon)
Scrolls
 g - a scroll of magic mapping
 h - a scroll of identify
 i - a scroll of teleportation
 k - a scroll of noise {unknown}
 n - 2 scrolls of remove curse
 t - a scroll of blinking
 C - a scroll of enchant weapon {unknown}
Potions
 e - 2 potions of degeneration
 m - a potion of haste
 o - a potion of magic
 r - a potion of berserk rage
 s - 3 potions of brilliance
 B - 2 potions of curing
 G - a potion of ambrosia {unknown}
Books
 d - a book of Flames
   (You found it on level 4 of the Dungeon)
 q - a book of Minor Magic
   (You found it on level 4 of the Dungeon)
 F - a book of Changes
   (You found it on level 4 of the Dungeon)
Comestibles
 f - 7 bread rations
 u - a slice of pizza
 x - 12 fruits
 D - 2 meat rations


   Skills:
 + Level 4.4 Fighting
 * Level 6.5 Long Blades
 - Level 3.2 Armour
 + Level 5.3 Shields


You had 7 spell levels left.
You didn't know any spells.

Dungeon Overview and Level Annotations

Branches:
Dungeon (6/15)
 Temple: D:4-7

Altars:
Dithmenos
Fedhas


Innate Abilities, Weirdness & Mutations

You are small and have problems with some larger weapons.
You are somewhat resistant to further mutation.


Message History

You see here 2 arrows.
You slash the ogre! You block the ogre's attack.
You slash the ogre!
The centaur shoots an arrow.
The arrow hits you.
The centaur shoots an arrow.
The arrow closely misses you.
You hit the ogre.
You are feeling hungry.
The centaur shoots an arrow.
The arrow completely misses you. You block the ogre's attack.
The centaur shoots an arrow.
You block the arrow.
You hit the ogre but do no damage. The ogre hits you but does no damage.
You hit the ogre. You block the goblin's attack.
The ogre hits you with a giant spiked club.
You hit the ogre.
You kill the ogre!
You have reached level 8!
The centaur shoots an arrow.
You block the arrow. The goblin hits you but does no damage.
A sky beast comes into view.
The centaur shoots an arrow.
The arrow hits you.
The centaur shoots an arrow.
The arrow hits you but does no damage.
You see here 2 arrows.
The centaur shoots an arrow.
The arrow hits you.
You see here 2 arrows.
The centaur shoots an arrow.
You block the arrow.
You see here an arrow.
The sky beast flickers out of sight!
Deactivating autopickup; reactivate with Ctrl-A.
The goblin hits you.
You see here a hunting sling.
You closely miss the goblin. You block the goblin's attack.
You completely miss the goblin. The goblin hits you but does no damage.
You closely miss the goblin. You block the goblin's attack.
You slash the goblin!
You kill the goblin!
The centaur shoots an arrow.
The arrow hits you.
You hit the adder zombie.
The adder zombie bites you but does no damage.
You block the adder zombie's attack.
You hit the adder zombie but do no damage.
A sky beast appears from thin air!
Reactivating autopickup.
The adder zombie bites you.
You hit the adder zombie. The adder zombie barely misses you.
You riposte.
You hit the adder zombie. You barely miss the adder zombie.
You block the adder zombie's attack.
You hit the adder zombie. The adder zombie barely misses you.
You riposte.
You hit the adder zombie.
The adder zombie bites you but does no damage.
You slash the adder zombie!
You destroy the adder zombie!
The centaur shoots an arrow.
The arrow hits you.
You completely miss the sky beast.
The sky beast flickers out of sight!
Deactivating autopickup; reactivate with Ctrl-A.
You block something's attack.
The centaur shoots an arrow.
You block the arrow.
You miss something.
The centaur shoots an arrow.
You block something's attack.
You hit something. You block something's attack.
The centaur shoots an arrow.
The arrow hits you!
You miss something.
A sky beast appears from thin air!
Reactivating autopickup.
You block the sky beast's attack.
The sky beast flickers out of sight!
Deactivating autopickup; reactivate with Ctrl-A.
Something hits you but does no damage.
A hound comes into view.
You closely miss something.
The hound barks!
The hound moves out of view.
The centaur shoots an arrow.
Something hits you but does no damage.
You closely miss something.
The centaur shoots an arrow.
You hear a splash.
Something hits you but does no damage.
The centaur shoots an arrow.
The arrow hits you.
A quokka comes into view.
You miss something.
The quokka moves out of view.
You block something's attack.
You closely miss something. Something hits you but does no damage.
A phantom comes into view.
You closely miss something. You block something's attack.
You barely miss something. Something hits you. Something shocks you.
The hound bites you.
* * * LOW HITPOINT WARNING * * *
You hit something. The hound barely misses you.
You riposte.
You barely miss the hound. Something hits you.
* * * LOW HITPOINT WARNING * * *
Something shocks you.
* * * LOW HITPOINT WARNING * * *
The phantom blinks!
You block the hound's attack. Something hits you but does no damage.
You enter the shallow water.
Moving in this stuff is going to be slow.
The hound bites you.
* * * LOW HITPOINT WARNING * * *
You block the quokka's attack. The hound closely misses you.
You riposte.
You closely miss the hound. Something hits you.
* * * LOW HITPOINT WARNING * * *
Something shocks you.
* * * LOW HITPOINT WARNING * * *
The quokka closely misses you. The hound bites you.
* * * LOW HITPOINT WARNING * * *
Something hits you.
* * * LOW HITPOINT WARNING * * *
Something shocks you.
You die...

.▒...............▒▒▒▒▒...
.............▒▒.▒▒▒▒▒▒...
......▒......▒▒..........
.▒..............▒▒▒▒▒▒▒..
........▒▒▒..▒..▒ ▒▒▒▒▒.≈
................▒▒▒.....≈
........▒▒▒...▒.▒...▒▒▒..
▒▒▒.▒▒▒▒hr▒..▒.....▒..▒...
........(p.....▒.▒▒▒..▒...
▒▒▒.▒▒▒▒{▒▒......▒▒.......
▒▒▒................▒▒
▒................▒.▒ . ▒▒
▒▒..................▒▒ .. ▒.
▒▒...▒▒......>.........
...▒.▒)▒▒▒......................
.......((((......▒......<.......
........(▒▒.▒▒▒▒.▒.▒.......▒....


You could see a hound and a quokka.

Vanquished Creatures
  An ogre (D:6)
  2 howler monkeys (D:5)
  2 orc priests (D:5)
  2 hounds
  2 orc wizards (D:5)
  Crazy Yiuf (D:3)
  2 iguanas
  2 worker ants (D:4)
  A hound skeleton (D:4)
  6 mummies (Ossuary)
  10 adders
  A shadow imp (D:5)
  A worm zombie (D:4)
  4 adder skeletons
  An adder zombie (D:6)
  4 worms
  3 dart slugs
  4 leopard geckos
  7 orcs
  4 giant cockroaches
  5 goblins
  7 hobgoblins
  2 quokkas (D:4)
  2 ball pythons
  3 bats
  8 frilled lizards
  3 hobgoblin zombies (Ossuary)
  5 kobolds
  4 kobold zombies (Ossuary)
  An orc zombie (Ossuary)
  A quokka zombie (D:5)
  3 rats (D:3)
  2 rat zombies (D:4)
106 creatures vanquished.

Notes
Turn   | Place    | Note
-------+----------+-------------------------------------------
     0 | D:1      | Jesseh the Halfling Fighter began the quest for the Orb.
     0 | D:1      | Reached XP level 1. HP: 15/15 MP: 1/1
   470 | D:1      | Reached XP level 2. HP: 20/20 MP: 2/2
   659 | D:2      | Reached skill level 3 in Fighting
  1077 | D:2      | Reached XP level 3. HP: 26/26 MP: 3/3
  1513 | D:3      | Reached skill level 3 in Long Blades
  1732 | D:3      | Reached XP level 4. HP: 31/31 MP: 4/4
  2272 | D:3      | Found a runed door.
  2426 | D:3      | Noticed Crazy Yiuf
  2443 | D:3      | Killed Crazy Yiuf
  2443 | D:3      | Reached skill level 4 in Long Blades
  2443 | D:3      | Reached XP level 5. HP: 20/36 MP: 5/5
  2472 | D:4      | Found a sand-covered staircase.
  2518 | Ossuary  | Entered an ossuary
  2555 | Ossuary  | HP: 5/36 [mummy (12)]
  2557 | Ossuary  | Reached skill level 4 in Shields
  2557 | Ossuary  | Reached XP level 6. HP: 6/42 MP: 6/6
  2850 | Ossuary  | HP: 10/42 [mummy (3)]
  3273 | D:4      | Reached skill level 5 in Long Blades
  3295 | D:4      | Found a shadowy altar of Dithmenos.
  3792 | D:5      | Entered Level 5 of the Dungeon
  3803 | D:5      | Reached XP level 7. HP: 47/47 MP: 7/7
  3815 | D:5      | HP: 6/47 [orc priest/divine providence (10)]
  3960 | D:5      | Reached skill level 4 in Fighting
  3963 | D:5      | Reached skill level 6 in Long Blades
  4060 | D:5      | Reached skill level 5 in Shields
  4597 | D:6      | Found a blossoming altar of Fedhas.
  4604 | D:6      | Reached XP level 8. HP: 39/54 MP: 8/8
  4636 | D:6      | HP: 13/54 [something (1)]
  4636 | D:6      | HP: 6/54 [hound (2)]
  4636 | D:6      | Slain by a sky beast

Skill      XL: |  1  2  3  4  5  6  7 |
---------------+----------------------+-----
Fighting       | 3 4 |  4.4
Long Blades    | 3 4 5 6 |  6.5
Shields        | 4 5 |  5.3
Armour         | |  3.2

Action                   |  1- 3 |  4- 6 |  7- 9 || total
-------------------------+-------+-------+-------++-------
Melee: Long sword        |   110 |   239 |   119 ||   468
  Use: Scroll            |       |     9 |       ||     9
       Potion            |       |     5 |     1 ||     6
  Eat: Chunk             |     3 |     6 |     2 ||    11
       Beef jerky        |       |     1 |       ||     1
Armor: Scale mail        |    38 |    79 |    44 ||   161
Dodge: Dodged            |    38 |    75 |    32 ||   145
Block: Shield            |    70 |   119 |    66 ||   255
       Rpst.: Long sword |    14 |    19 |    11 ||    44

Vault maps used:
D:1:      minmay_arrival_shattered_statue
D:3:      first_bread, saegor_snake_ambush, uniq_crazy_yiuf_cottage
D:4:      enter_ossuary_3, grunt_dithmenos_smoke_and_mirrors
D:6:      basic_altar, dk_vineyard_3
Ossuary:  ossuary_tomb_3

Table legend:
 A = Turns spent in this place as a percentage of turns spent in the entire game.
 B = Non-inter-level travel turns spent in this place as a percentage of non-inter-level travel turns spent in the entire game.
 C = Inter-level travel turns spent in this place as a percentage of turns spent in this place.
 D = Turns resting spent in this place as a percentage of non-inter-level travel turns spent in this place.
 E = Turns spent auto-exploring this place as a percentage of non-inter-level travel turns spent in this place.
 F = Non-inter-level travel turns spent in this place divided by the number of levels of this place that you've seen.
                   A       B       C       D       E      F
               +-------+-------+-------+-------+-------+----------------------
         Total | 100.0 | 100.0 |   0.5 |   2.6 |   9.3 | 167.7
       Dungeon |  91.0 |  91.0 |   0.6 |   1.8 |   9.9 | 178.0
       Ossuary |   9.0 |   9.0 |   0.0 |  10.4 |   2.8 | 106.0
               +-------+-------+-------+-------+-------+----------------------

Table legend:
 A = Kills in this place as a percentage of kills in entire the game.
 B = Kills by you in this place as a percentage of kills by you in the entire game.
 C = Kills by friends in this place as a percentage of kills by friends in the entire game.
 D = Other kills in this place as a percentage of other kills in the entire game.
 E = Experience gained in this place as a percentage of experience gained in the entire game.
 F = Experience gained in this place divided by the number of levels of this place that you have seen.
                   A       B       C       D       E      F
               +-------+-------+-------+-------+-------+----------------------
         Total | 100.0 | 100.0 |  -nan |  -nan | 100.0 | 153.3
       Dungeon |  86.8 |  86.8 |  -nan |  -nan |  89.2 | 159.5
       Ossuary |  13.2 |  13.2 |  -nan |  -nan |  10.8 | 116.0
               +-------+-------+-------+-------+-------+----------------------
